 Dungeon Crawl Stone Soup version 0.30-a0-137-gd8773701ce (webtiles) character file.

Game seed: 10359042357325033873

582 NinjaNoafa the Trooper (level 7, -1/64 HPs)
             Began as a Minotaur Monk on Sept 22, 2022.
             Was a Believer of Ru.
             Succumbed to a water moccasin's poison
             ... on level 5 of the Dungeon.
             The game lasted 00:06:57 (4409 turns).

NinjaNoafa the Trooper (Minotaur Monk)              Turns: 4409, Time: 00:06:58

Health: -1/64      AC:  9    Str: 18    XL:     7   Next: 14%
Magic:  3/6        EV:  8    Int:  7    God:    Ru [**....]
Gold:   244        SH:  0    Dex: 12    Spells: 6/6 levels left

rFire   + . .      SeeInvis .    a - +0 hand axe
rCold   . . .      Faith    .    (no shield)
rNeg    . . .      Spirit   +    b - +0 chain mail
rPois   .          Reflect  .    (helmet restricted)
rElec   .          Harm     .    (no cloak)
rCorr   .          Rampage  .    (no gloves)
Will    .....                    (no boots)
Stlth   ..........               h - amulet of guardian spirit
HPRegen 0.20/turn                m - ring of protection from fire
MPRegen 0.10/turn                (no ring)

@: lethally poisoned (-1 -> -7)
A: horns 2, inability to use devices, retaliatory headbutt
a: Renounce Religion


You were on level 5 of the Dungeon.
You worshipped Ru.
Ru was pleased with you.
You visited 2 branches of the dungeon, and saw 6 of its levels.

You collected 244 gold pieces.

Inventory:

Hand Weapons
 a - a +0 hand axe (weapon)
Missiles
 c - 2 throwing nets
 e - 4 boomerangs (quivered)
 n - 11 stones
Armour
 b - a +0 chain mail (worn)
Jewellery
 h - an amulet of guardian spirit (around neck)
 m - a ring of protection from fire (left hand)
Scrolls
 i - 2 scrolls of blinking
 o - a scroll of teleportation


   Skills:
 + Level 6.8 Fighting
 - Level 5.0 Axes
 - Level 5.0 Armour
 - Level 4.6 Dodging
 - Level 1.5 Stealth


You had 6 spell levels left.
You didn't know any spells.
Your spell library contained the following spells:

 Spells                   Type           Power      Damage    Failure   Level
 Passage of Golubria      Tloc           0%         N/A       100%        4
 Silence                  Hex/Air        0%         N/A       100%        5
 Lehudib's Crystal Spear  Conj/Erth      0%         10d2      100%        8


Dungeon Overview and Level Annotations

Branches:
Dungeon (5/15)             Temple (1/1) D:5

Altars:
Ashenzari
Dithmenos
Fedhas
Gozag
Hepliaklqana
Kikubaaqudgha
Okawaru
Qazlal
Ru
Trog
Uskayaw
Vehumet
Wu Jian
Zin
The Shining One

Annotations:
D:4 Pikel


Innate Abilities, Weirdness & Mutations

You have a pair of horns on your head.
You cannot study or use magical devices.
You reflexively headbutt those who attack you in melee.


Message History

You hit the water moccasin but do no damage.
The water moccasin is severely wounded.
You feel sick.
The water moccasin bites you but does no damage.
The water moccasin bites you.
* * * LOW HITPOINT WARNING * * *
You are lethally poisoned!
The water moccasin poisons you!
You focus your inner power and illuminate the water moccasin in retribution!
Your surroundings suddenly seem different.
A jelly, an adder and 2 orcs come into view.
* * * LOW HITPOINT WARNING * * *
You feel very sick.
The jelly quivers.
The orc shouts! x2
A quokka comes into view.
An orc wizard comes into view. It is wielding a +0 dagger.
A shadow comes into view.
As you read the scroll of fear, it crumbles to dust.
You assume a fearsome visage.
The jelly looks frightened!
The adder looks frightened!
The shadow is unaffected.
The quokka looks frightened!
The orc wizard looks frightened!
The orc wizard shouts!
The orc looks frightened! x2
* * * LOW HITPOINT WARNING * * *
You feel very sick.
The orc wizard casts a spell.
The orc wizard flickers and vanishes!
Deactivating autopickup; reactivate with Ctrl-A.
You aren't carrying any potions.
Okay, then.
* * * LOW HITPOINT WARNING * * *
You feel very sick.
A phantom comes into view.
Found 10 gold pieces.
* * * LOW HITPOINT WARNING * * *
You feel sick.
* * * LOW HITPOINT WARNING * * *
You feel sick.
You die...

.........#.###.##...##S# ...##
...#.#.....# #.##.#....#.....#
..#.#.#....# #.....>...........
.#.#.#.#...#####..###.....##.##
..#.>.#............#....5.#
.#.#.#.#...##..###.....5....
..#.#.#..<.#####............^
...#.#......r......$#.#......
............####@#....#......
#.##..[..#.## ##.#...##.....
............. #..#.......#
..##........##..#......... .
.............##.........
.......#..... #......... #.#.W.
#......... ....$ ....W.....
..... {..........


You could see a phantom, a white imp and a quokka (fleeing).

Vanquished Creatures
  Grinder (D:3)
  A black bear (D:4)
  A phantom (D:4)
  An orc priest (D:3)
  A jelly (D:5)
  Robin (D:4)
  A gnoll (D:1)
  4 adders
  A shadow imp (D:5)
  A white imp (D:4)
  A worm (D:3)
  A dart slug (D:3)
  10 orcs
  6 endoplasms
  A giant cockroach (D:2)
  3 hobgoblins
  4 quokkas
  5 ball pythons
  6 bats
  2 frilled lizards
  17 goblins
  3 kobolds
  12 rats
84 creatures vanquished.

Notes
Turn   | Place    | Note
-------+----------+-------------------------------------------
     0 | D:1      | NinjaNoafa the Minotaur Monk began the quest for the Orb.
     0 | D:1      | Reached XP level 1. HP: 19/19 MP: 0/0
   193 | D:1      | Reached skill level 4 in Fighting
   193 | D:1      | Reached skill level 1 in Armour
   193 | D:1      | Reached XP level 2. HP: 22/27 MP: 1/1
   678 | D:1      | Reached XP level 3. HP: 33/33 MP: 2/2
  1059 | D:1      | Found a faded altar of an unknown god.
  1815 | D:2      | Found an ancient bone altar of Kikubaaqudgha.
  2190 | D:3      | Found a bloodstained altar of Trog.
  2293 | D:3      | Reached XP level 4. HP: 25/41 MP: 1/3
  2465 | D:3      | Found a glowing golden altar of the Shining One.
  2686 | D:3      | Noticed Grinder
  2691 | D:3      | Paralysed by Grinder for 4 turns
  2700 | D:3      | Paralysed by Grinder for 2 turns
  2706 | D:3      | Killed Grinder
  2707 | D:3      | Reached skill level 5 in Fighting
  2707 | D:3      | Reached skill level 5 in Axes
  2707 | D:3      | Reached skill level 5 in Armour
  2707 | D:3      | Reached XP level 5. HP: 14/50 MP: 1/4
  2707 | D:3      | Reached XP level 6. HP: 16/57 MP: 1/5
  3217 | D:4      | Reached skill level 6 in Fighting
  3541 | D:4      | Noticed Robin
  3552 | D:4      | Reached XP level 7. HP: 64/64 MP: 2/6
  3581 | D:4      | Killed Robin
  3768 | D:4      | Noticed Pikel
  3804 | D:5      | Entered Level 5 of the Dungeon
  3804 | D:5      | Found a staircase to the Ecumenical Temple.
  3814 | Temple   | Entered the Ecumenical Temple
  4320 | Temple   | Became a worshipper of Ru the Awakened
  4339 | Temple   | Gained mutation: You cannot study or use magical devices.
                  | [Ru sacrifice]
  4339 | Temple   | Reached * piety under Ru
  4339 | Temple   | Reached ** piety under Ru
  4404 | D:5      | Noticed a shadow
  4407 | D:5      | HP: 3/64 [poisoned by a water moccasin]
  4408 | D:5      | HP: 1/64 [poisoned by a water moccasin]
  4409 | D:5      | Succumbed to a water moccasin's poison

Illustrated notes

Levels and vault maps discovered:
D:1:      ncdulo_halloftheorcs, layout_basic, basic_ecumenical_altar
D:2:      layout_loops_corners, basic_altar
D:3:      layout_basic, nicolae_tso_swordbearing_angel, trog_butcher_becter,
          serial_glass, glass_columns_c, glass_columns_b, uniq_grinder
D:4:      layout_layer_cave, uniq_pikel, uniq_robin
D:5:      layout_rooms, minmay_temple_entry_grid, minmay_manual_mess,
          uniq_edmund
Temple:   oiseaux_autumnal_temple

Skill      XL: |  1  2  3  4  5  6 |
---------------+-------------------+-----
Fighting       | 4 5 6 |  6.8
Axes           | 4 5 |  5.0
Armour         | 1 2 5 |  5.0
Dodging        | 4 |  4.6
Stealth        | |  1.5

Action                   |  1- 3 |  4- 6 |  7- 9 || total
-------------------------+-------+-------+-------++-------
Melee: Hand axe          |    75 |    74 |    29 ||   178
       Headbutt          |     8 |    13 |     4 ||    25
Throw: Boomerang         |    15 |     2 |    19 ||    36
Invok: Sacrifice Artific |       |       |     1 ||     1
  Use: Potion            |       |     7 |       ||     7
       Scroll            |       |     4 |     3 ||     7
 Stab: Sleeping          |     4 |       |       ||     4
       Invisible         |       |     4 |       ||     4
Armor: Robe              |    10 |       |       ||    10
       Scale mail        |    24 |     4 |       ||    28
       Chain mail        |       |    35 |    16 ||    51
       Skin              |       |     9 |    32 ||    41
Dodge: Dodged            |    50 |    46 |    12 ||   108

Table legend: (Time is in decaauts)
 A = Elapsed time spent in this place.
 B = Non-inter-level travel time spent in this place.
 C = Inter-level travel time spent in this place.
 D = Time resting spent in this place.
 E = Time spent auto-exploring this place.
 F = Levels seen in this place.
 G = Mean time per level.
                   A        B        C        D        E       F      G
               +--------+--------+--------+--------+--------+-----+--------+
         Total |   4421 |   4212 |    209 |     16 |   3531 |   6 |  736.8 |
       Dungeon |   3878 |   3740 |    138 |     16 |   3074 |   5 |  775.6 |
        Temple |    543 |    473 |     70 |      0 |    457 |   1 |  543.0 |
               +--------+--------+--------+--------+--------+-----+--------+

Top non-repeatable levels by time:
     D:1: 1256 daAuts
     D:3: 1180 daAuts
     D:2: 771 daAuts
     D:4: 598 daAuts
  Temple: 543 daAuts
     D:5: 71 daAuts
